 Dungeon Crawl Stone Soup version 0.20-a0-256-gabb291d (webtiles) character file.

128 Faca the Shield-Bearer (level 5, -21/42 HPs)
             Began as a Formicid Fighter on Dec 2, 2016.
             Demolished by an ogre
             ... wielding a +0 giant spiked club
              (27 damage)
             ... on level 4 of the Dungeon.
             The game lasted 00:10:34 (2326 turns).

Faca the Shield-Bearer (Formicid Fighter)           Turns: 2326, Time: 00:10:35

Health: -21/42     AC:  7    Str: 20    XL:     5   Next: 33%
Magic:  0/5        EV:  8    Int: 12    God:
Gold:   97         SH:  9    Dex: 11    Spells: 4/4 levels left

rFire  . . .     SeeInvis +     a - +1 war axe
rCold  . . .     Gourm    .     b - +0 scale mail
rNeg   . . .     Faith    .     c - +0 shield
rPois  .         Spirit   +     (helmet unavailable)
rElec  .         Reflect  .     (no cloak)
rCorr  .         Harm     .     (no gloves)
MR     +....                    (no boots)
Stlth  ..........               i - amulet of guardian spirit
                                m - ring of protection from magic
                                f - +4 ring of intelligence

@: no status effects
A: permanent stasis, dig shafts and tunnels, four strong arms, antennae 3
a: Dig, Shaft Self


You were on level 4 of the Dungeon.
You were full.

You visited 1 branch of the dungeon, and saw 4 of its levels.

You collected 97 gold pieces.

Inventory:

Hand Weapons
 a - a +1 war axe (weapon)
Armour
 b - a +0 scale mail (worn)
 c - a +0 shield (worn)
Jewellery
 f - a +4 ring of intelligence (left hand)
 i - an amulet of guardian spirit (around neck)
 m - a ring of protection from magic (right hand)
Scrolls
 k - 3 scrolls of remove curse
Potions
 d - a potion of might
 e - 5 potions of curing
 g - a potion of flight {unknown}
 h - 2 potions of lignification
 j - 3 potions of degeneration {unknown}
 n - a potion of agility {unknown}
 p - 2 potions of heal wounds


   Skills:
 + Level 3.8 Fighting
 + Level 3.7 Axes
 + Level 3.7 Armour
 + Level 0.8 Dodging
 + Level 4.5 Shields


You had 4 spell levels left.
You didn't know any spells.

Dungeon Overview and Level Annotations

Branches:
Dungeon (4/15)
 Temple: D:4-7

Altars:
Dithmenos
Gozag
Kikubaaqudgha
Xom
The Shining One


Innate Abilities, Weirdness & Mutations

You cannot be hasted, slowed, berserked, paralysed or teleported.
You can dig through walls and to a lower floor.
Your four strong arms can wield two-handed weapons with a shield.
You have a pair of large antennae on your head. (SInv)


Message History

The ogre barely misses you.
You slash the ogre!
The ogre is heavily wounded.
The ogre hits you with a giant spiked club!
You barely miss the ogre.
The ogre is heavily wounded.
The ogre closely misses you.
You hit the ogre.
The ogre is severely wounded.
The ogre hits you with a giant spiked club!!
Ouch! That really hurt!
* * * LOW HITPOINT WARNING * * *
You are too injured to fight recklessly!
You are too injured to fight recklessly!
You are too injured to fight recklessly!
You slash the ogre!
The ogre is almost dead.
The ogre hits you with a giant spiked club!!
Ouch! That really hurt!
You die...

.( ## ##. #. ##.### #._
###..... #.. ##.......
###.### ####........
##8...8### #.#.....#...
##........###......##...
......O@.........####..#
..............#### ####
#.##....#.##### #...
#.###### #... ##
#####... ........
........ ........
........


You could see an ogre.

Vanquished Creatures
  A crimson imp (D:3)
  3 adders
  An ooze (D:2)
  3 leopard geckos
  2 orcs (D:3)
  A ball python (D:3)
  3 giant cockroaches
  6 goblins
  7 hobgoblins
  4 jackals (D:2)
  7 bats
  5 frilled lizards
  A giant cockroach zombie (D:3)
  4 kobolds
  10 rats
58 creatures vanquished.

Notes
Turn   | Place    | Note
-------+----------+-------------------------------------------
     0 | D:1      | Faca the Formicid Fighter began the quest for the Orb.
     0 | D:1      | Reached XP level 1. HP: 18/18 MP: 1/1
   149 | D:1      | Reached XP level 2. HP: 24/24 MP: 2/2
   696 | D:2      | Reached XP level 3. HP: 29/29 MP: 3/3
   711 | D:2      | Reached skill level 4 in Shields
  1016 | D:2      | Reached XP level 4. HP: 28/35 MP: 4/4
  1178 | D:2      | Found an ancient bone altar of Kikubaaqudgha.
  1324 | D:3      | Found an opulent altar of Gozag.
  1417 | D:3      | Found a shadowy altar of Dithmenos.
  1681 | D:3      | Found a shimmering altar of Xom.
  1681 | D:3      | Found a shimmering altar of Xom.
  1682 | D:3      | Found a shimmering altar of Xom.
  1683 | D:3      | Found a shimmering altar of Xom.
  1683 | D:3      | Found a shimmering altar of Xom.
  1683 | D:3      | Found a shimmering altar of Xom.
  1684 | D:3      | Found a shimmering altar of Xom.
  1872 | D:3      | Reached XP level 5. HP: 23/42 MP: 5/5
  2318 | D:4      | Noticed an ogre
  2321 | D:4      | Found a glowing golden altar of the Shining One.
  2326 | D:4      | Demolished by an ogre

Vault maps used:
D:1:      dpeg_arrival_tiny_g
D:2:      nicolae_overflow_hidden_temple
D:3:      xom_redecorated, nicolae_gozag_seed_capital,
          nicolae_dithmenos_shadow_blocks
D:4:      lemuel_zombie_altar_yredelemnul, nicolae_tso_carved_into_rock,
          first_bread, uniq_robin

Skill      XL: |  1  2  3  4 |
---------------+-------------+-----
Shields        | 4 |  4.5
Axes           | 3 |  3.7
Fighting       | |  3.8
Armour         | |  3.7
Dodging        | |  0.8

Action                   |  1- 3 |  4- 6 || total
-------------------------+-------+-------++-------
Melee: War axe           |   133 |    91 ||   224
 Abil: Dig               |       |     1 ||     1
  Use: Scroll            |     3 |     5 ||     8
  Eat: Bread ration      |     1 |       ||     1
       Meat ration       |       |     1 ||     1
Armor: Scale mail        |    75 |    35 ||   110
Dodge: Dodged            |    58 |    28 ||    86
Block: Shield            |    76 |    57 ||   133
